 Dungeon Crawl Stone Soup version 0.23.0 (webtiles) character file.

Game seed: 5733657989915432782

23283 Blackhawk the Cleaver (level 12, -6/113 HPs)
             Began as a Minotaur Gladiator on Feb 11, 2019.
             Was a High Priest of Okawaru.
             Mangled by a cyan ugly thing (17 damage)
             ... on level 14 of the Dungeon.
             The game lasted 00:21:17 (15129 turns).

Blackhawk the Cleaver (Minotaur Gladiator)         Turns: 15129, Time: 00:21:17

Health: -6/113     AC: 22    Str: 26    XL:     12   Next: 70%
Magic:  11/11      EV: 14    Int:  4    God:    Okawaru [*****.]
Gold:   108        SH:  0    Dex: 13    Spells: 11/11 levels left

rFire    . . .     SeeInvis +   a - +1 war axe (elec)
rCold    + + .     Gourm    .   (no shield)
rNeg     + + +     Faith    .   s - +2 plate armour {rN+}
rPois    +         Spirit   .   c - +0 hat
rElec    .         Reflect  .   G - +2 ratskin cloak {+Rats rPois rN+ Str-1 Int-1 Dex+1}
rCorr    .         Harm     .   (no gloves)
MR       .....                  z - +0 pair of boots
Stlth    ..........             (no amulet)
HPRegen  0.28/turn              E - ring of see invisible
MPRegen  0.12/turn              x - ring of Ocoth {rPois rC++ rN+ Str+3}

@: no status effects
A: retaliatory headbutt, horns 2
a: Heroism, Finesse, Renounce Religion, Evoke Ratskin


You were on level 14 of the Dungeon.
You worshipped Okawaru.
Okawaru was extremely pleased with you.
You were not hungry.

You visited 2 branches of the dungeon, and saw 16 of its levels.

You collected 885 gold pieces.
You spent 777 gold pieces at shops.

Inventory:

Hand Weapons
 a - a +1 war axe of electrocution (weapon)
 b - a +1 hand axe of flaming
Missiles
 d - 3 throwing nets (quivered)
Armour
 c - a +0 hat (worn)
 s - a +2 plate armour of positive energy (worn)
 v - a +1 plate armour
 z - a +0 pair of boots (worn)
 G - the +2 ratskin cloak (worn) {+Rats rPois rN+ Str-1 Int-1 Dex+1}
   (You found it on level 6 of the Dungeon)

   It affects your strength (-1).
   It affects your intelligence (-1).
   It affects your dexterity (+1).
   It protects you from poison.
   It protects you from negative energy.
Jewellery
 r - an uncursed ring of positive energy
 x - the ring of Ocoth (right hand) {rPois rC++ rN+ Str+3}
   (You bought it in a shop on level 13 of the Dungeon)

   [ring of strength]

   It affects your strength (+3).
   It greatly protects you from cold.
   It protects you from poison.
   It protects you from negative energy.
 y - an uncursed ring of protection from fire
 C - an uncursed ring of fire
 E - a ring of see invisible (left hand)
Wands
 h - a wand of disintegration (16)
 q - a wand of paralysis (14)
 F - a wand of acid (4)
 H - a wand of scattershot (6)
 J - a wand of clouds (7)
 L - a wand of flame (22)
Scrolls
 e - a scroll of brand weapon
 j - 5 scrolls of teleportation
 k - 3 scrolls of remove curse
 K - a scroll of vulnerability
Potions
 g - 3 potions of haste
 i - 4 potions of heal wounds
 m - 5 potions of might
 n - 3 potions of cancellation
 p - a potion of ambrosia {unknown}
 t - 9 potions of curing
 u - a potion of resistance {unknown}
 w - 4 potions of lignification
 B - a potion of magic {unknown}
 D - a potion of flight {unknown}
 I - a potion of agility {unknown}
Comestibles
 f - 31 rations


   Skills:
 + Level 12.8 Fighting
 + Level 13.0 Axes
 - Level 2.0 Throwing
 + Level 12.5 Armour
 + Level 12.1 Dodging


You had 11 spell levels left.
You didn't know any spells.
Your spell library was empty.

Dungeon Overview and Level Annotations

Branches:
Dungeon (15/15)            Temple (1/1) D:7            Lair (0/6) D:9
    Orc (0/2) D:11
 Vaults: D:13-14     Depths: D:15

Altars:
Ashenzari
Cheibriados
Dithmenos
Elyvilon
Fedhas
Gozag
Hepliaklqana
Kikubaaqudgha
Makhleb
Nemelex Xobeh
Okawaru
Qazlal
Ru
Sif Muna
Trog
Uskayaw
Vehumet
Wu Jian
Xom
Yredelemnul
Zin
The Shining One
Beogh

Shops:
D:13 =

Annotations:
D:2 1 runed translucent door, Crazy Yiuf
D:3 2 transporters
D:13 3 runed translucent doors, exclusion: obsidian statue, HilariousDeathArtist's ghost, journeyman VSBe
D:14 Rupert


Innate Abilities, Weirdness & Mutations

You reflexively headbutt those who attack you in melee.
You have a pair of horns on your head.


Message History

You slash the cyan ugly thing!
The cyan ugly thing is almost dead.
The cyan ugly thing pecks you but does no damage.
You slash the cyan ugly thing!
You kill the cyan ugly thing!
Okawaru accepts your kill.
You start resting.
The cyan ugly thing is too close now for your liking.
You slash the cyan ugly thing!
The cyan ugly thing is heavily wounded.
The cyan ugly thing headbutts you.
* * * LOW HITPOINT WARNING * * *
The cyan ugly thing shocks you!
* * * LOW HITPOINT WARNING * * *
You hit the cyan ugly thing but do no damage.
The cyan ugly thing is heavily wounded.
The cyan ugly thing headbutts you.
* * * LOW HITPOINT WARNING * * *
The cyan ugly thing shocks you!
You die...

#.........
#.........
#.........
#.........
#.......##
#........#
#........#
#.u......#
#.@......#
#........#
##########


You could see a cyan ugly thing.

Vanquished Creatures
  Snorg (D:11)
  2 hydras
  A centaur warrior (D:15)
  2 two-headed ogres
  3 death yaks
  6 ugly things
  An orc knight (D:10)
  A cyclops (D:11)
  A deep elf mage (D:13)
  A gargoyle (D:11)
  A komodo dragon (D:11)
  A kobold demonologist (D:12)
  A tengu conjurer (D:15)
  6 trolls
  A slime creature (D:12)
  2 dream sheep (D:12)
  A hippogriff (D:8)
  14 yaks
  A wyvern (D:11)
  4 hungry ghosts
  A steam dragon (D:8)
  2 vampire mosquitoes (D:14)
  A water moccasin (D:8)
  A soldier ant (D:13)
  Duvessa (D:5)
  2 porcupines (D:9)
  A necrophage (D:9)
  An ice beast (D:8)
  5 orc warriors
  2 black bears
  A sky beast (D:12)
  A hornet zombie (D:9)
  8 ogres
  A phantom (D:5)
  3 eyes of draining
  8 centaurs
  A crocodile (D:12)
  10 bullfrogs
  5 big kobolds (D:12)
  Dowan (D:5)
  2 water moccasin zombies
  2 scorpions
  A water moccasin skeleton (D:6)
  8 killer bees
  11 wights
  2 electric eels (D:12)
  4 howler monkeys
  2 bullfrog zombies
  4 crimson imps
  A centaur zombie (D:12)
  5 jellies
  7 hounds
  7 orc priests
  9 orc wizards
  2 centaur skeletons
  2 iguanas
  9 worker ants
  2 hell rats (D:9)
  5 hound skeletons
  A worker ant zombie (D:10)
  Robin (D:4)
  9 gnolls
  A howler monkey skeleton (D:6)
  9 adders
  3 shadow imps
  2 oozes
  3 adder skeletons
  3 worms
  2 dart slugs (D:2)
  A leopard gecko (D:2)
  54 orcs
  5 giant cockroaches
  16 goblins
  14 hobgoblins
  3 jackals (D:10)
  6 quokkas
  A ball python (D:2)
  9 bats
  3 frilled lizards
  11 kobolds
  A leopard gecko zombie (D:8)
  11 rats
361 creatures vanquished.

Vanquished Creatures (others)
  A kobold demonologist (D:12)
  A steam dragon (D:12)
  A big kobold (D:12)
  A centaur zombie (D:12)
  A bullfrog skeleton (D:12)
  A kobold (D:12)
6 creatures vanquished.

Grand Total: 367 creatures vanquished

Notes
Turn   | Place    | Note
-------+----------+-------------------------------------------
     0 | D:1      | Blackhawk the Minotaur Gladiator began the quest for the
                  | Orb.
     0 | D:1      | Reached XP level 1. HP: 18/18 MP: 0/0
    53 | D:1      | Reached skill level 1 in Armour
    53 | D:1      | Reached XP level 2. HP: 17/25 MP: 1/1
   233 | D:1      | Reached skill level 4 in Axes
   328 | D:1      | Reached XP level 3. HP: 29/31 MP: 2/2
   797 | D:2      | Found a runed translucent door.
   798 | D:2      | Noticed Crazy Yiuf
   840 | D:2      | Found a glowing silver altar of Zin.
  1005 | D:2      | Found a shimmering altar of Xom.
  1005 | D:2      | Found a shimmering altar of Xom.
  1005 | D:2      | Found a shimmering altar of Xom.
  1006 | D:2      | Found a shimmering altar of Xom.
  1187 | D:2      | Reached XP level 4. HP: 32/38 MP: 3/3
  1484 | D:3      | Found a transporter.
  1528 | D:3      | Found a transporter.
  1567 | D:3      | Found a sparkling altar of Nemelex Xobeh.
  1738 | D:3      | Found a basalt altar of Yredelemnul.
  1747 | D:3      | Found a glowing golden altar of the Shining One.
  2077 | D:3      | Noticed an angel
  2226 | D:4      | Noticed Robin
  2231 | D:4      | Reached XP level 5. HP: 42/46 MP: 4/4
  2250 | D:4      | Killed Robin
  2353 | D:4      | Noticed an ogre
  2360 | D:4      | Killed an ogre
  2360 | D:4      | Reached skill level 5 in Axes
  2606 | D:4      | Reached XP level 6. HP: 53/53 MP: 5/5
  2813 | D:4      | Reached skill level 5 in Dodging
  3012 | D:4      | Reached skill level 5 in Fighting
  3312 | D:5      | Entered Level 5 of the Dungeon
  3357 | D:5      | Found a shattered altar of Ashenzari.
  3455 | D:5      | Reached XP level 7. HP: 61/61 MP: 6/6
  3725 | D:5      | Reached skill level 6 in Axes
  3761 | D:5      | Noticed Duvessa
  3761 | D:5      | Noticed Dowan
  3769 | D:5      | Killed Duvessa
  3778 | D:5      | Killed Dowan
  3902 | D:5      | Reached skill level 5 in Armour
  4061 | D:5      | Reached XP level 8. HP: 66/70 MP: 7/7
  4533 | D:6      | Reached skill level 7 in Axes
  4887 | D:6      | Found the +2 ratskin cloak {+Rats rPois rN+ Str-1 Int-1
                  | Dex+1}
  5869 | D:7      | Found a staircase to the Ecumenical Temple.
  5878 | Temple   | Entered the Ecumenical Temple
  6000 | Temple   | Became a worshipper of Warmaster Okawaru
  6099 | D:8      | Reached XP level 9. HP: 67/79 MP: 8/8
  6163 | D:8      | Reached skill level 8 in Axes
  6278 | D:8      | Found a white marble altar of Elyvilon.
  6562 | D:8      | Reached * piety under Okawaru
  7174 | D:9      | Found a staircase to the Lair.
  7174 | D:9      | Noticed a death yak
  7174 | D:9      | Noticed a death yak
  7214 | D:8      | Killed a death yak
  7214 | D:8      | Reached ** piety under Okawaru
  7214 | D:8      | Reached skill level 9 in Axes
  7456 | D:9      | Noticed a death yak
  7461 | D:8      | Killed a death yak
  7461 | D:8      | Reached XP level 10. HP: 91/91 MP: 6/9
  7478 | D:9      | Killed a death yak
  7478 | D:9      | Reached *** piety under Okawaru
  7751 | D:9      | Reached skill level 10 in Axes
  8089 | D:9      | Found a snail-covered altar of Cheibriados.
  8397 | D:9      | Reached **** piety under Okawaru
  8823 | D:9      | Reached skill level 10 in Fighting
  8956 | D:10     | Entered Level 10 of the Dungeon
 10011 | D:11     | Noticed a cyan ugly thing
 10038 | D:10     | Reached skill level 10 in Armour
 10042 | D:10     | Killed a cyan ugly thing
 10042 | D:10     | Reached XP level 11. HP: 31/101 MP: 7/10
 10321 | D:11     | Reached skill level 10 in Dodging
 10429 | D:11     | Received a gift from Okawaru
 10638 | D:11     | Found a sacrificial altar of Ru.
 10670 | D:11     | Noticed Snorg
 10689 | D:11     | Killed Snorg
 10689 | D:11     | Reached ***** piety under Okawaru
 10689 | D:11     | Reached skill level 11 in Axes
 11228 | D:11     | Noticed an orc knight
 11573 | D:10     | Killed an orc knight
 11839 | D:11     | Found a roughly hewn altar of Beogh.
 11839 | D:11     | Found a staircase to the Orcish Mines.
 12391 | D:12     | Noticed a two-headed ogre
 12464 | D:12     | Received a gift from Okawaru
 12978 | D:12     | Noticed a cyan ugly thing
 13033 | D:11     | Killed a cyan ugly thing
 13098 | D:12     | Reached skill level 12 in Axes
 13546 | D:12     | Reached XP level 12. HP: 94/112 MP: 11/11
 13916 | D:12     | Noticed a three-headed hydra
 13924 | D:12     | Killed a one-headed hydra
 14036 | D:12     | Killed a two-headed ogre
 14356 | D:13     | Noticed a two-headed ogre
 14361 | D:13     | Killed a two-headed ogre
 14635 | D:13     | Found Nuicolacw's Jewellery Emporium.
 14638 | D:13     | Bought the ring of Ocoth {rPois rC++ rN+ Str+3} for 777
                  | gold pieces
 14644 | D:13     | Found a runed translucent gate.
 14654 | D:13     | Found a runed translucent gate.
 14654 | D:13     | Found a runed translucent gate.
 14655 | D:13     | Found an opulent altar of Gozag.
 14655 | D:13     | Noticed an ettin
 14656 | D:13     | Noticed HilariousDeathArtist's ghost (journeyman VSBe)
 14656 | D:13     | Noticed a six-headed hydra
 14656 | D:13     | Noticed a deep elf annihilator
 14707 | D:13     | You fall through a shaft for 2 floors!
 14707 | D:15     | Entered Level 15 of the Dungeon
 14764 | D:15     | Noticed a centaur warrior
 14773 | D:15     | Killed a centaur warrior
 14773 | D:15     | Received a gift from Okawaru
 15060 | D:14     | Noticed a seven-headed hydra
 15079 | D:14     | Killed a one-headed hydra
 15082 | D:14     | Noticed Rupert
 15096 | D:14     | Reached skill level 13 in Axes
 15129 | D:14     | Mangled by a cyan ugly thing

Skill      XL: |  1  2  3  4  5  6  7  8  9 10 11 12 |
---------------+-------------------------------------+-----
Armour         | 1 2 3 4 5 6 8 10 11 12 | 12.5
Axes           | 4 5 6 7 9 10 12 13 | 13.0
Fighting       | 3 4 5 6 7 9 10 11 12 | 12.8
Dodging        | 4 5 6 7 8 9 11 12 | 12.1
Throwing       | |  2.0

Action                   |  1- 3 |  4- 6 |  7- 9 | 10-12 || total
-------------------------+-------+-------+-------+-------++-------
Melee: War axe           |    66 |   127 |   235 |   549 ||   977
       Headbutt          |     6 |    24 |    41 |   115 ||   186
       Punch             |       |       |       |     2 ||     2
       Hand axe          |       |       |       |    25 ||    25
Invok: Heroism           |       |       |     1 |    10 ||    11
  Use: Scroll            |       |       |    14 |     9 ||    23
  Eat: Chunk             |     1 |     7 |    10 |    27 ||    45
       Ration            |       |       |     1 |     1 ||     2
Armor: Leather armour    |     7 |     6 |       |       ||    13
       Plate armour      |       |    74 |   150 |   306 ||   530
Dodge: Dodged            |    56 |    50 |   117 |   338 ||   561
